[ PARTIDA AOE2 · #474708089 ]
UnrankedEspañoles vs Bulgarians
Equipo del jugador · DERR
[ ANÁLISIS DE REPETICIÓN · EXTRAÍDO DE LA PARTIDA GRABADA ]
Feudal
9:04
Castillos
25:09
Imperial
47:06
| APM promedio | 42.7 |
| APM pico | 81 |
| eAPM promedio | 23.2 |
| Aldeanos / militares | 136 / 103 |
Foco
⚔️ 42.2% · 🌾 57.8%
Cavalry Archer ×42 · Archer ×27 · Skirmisher ×21 · Spearman ×13
Feudal
9:53
Castillos
20:26
Imperial
42:45
| APM promedio | 64.8 |
| APM pico | 114 |
| eAPM promedio | 27.2 |
| Aldeanos / militares | 149 / 160 |
Foco
⚔️ 37.6% · 🌾 62.4%
Knight ×124 · Scout Cavalry ×32 · Monk ×2 · Throwing Axeman ×2
Feudal
9:17
Castillos
24:40
Imperial
48:26
| APM promedio | 48.0 |
| APM pico | 88 |
| eAPM promedio | 25.4 |
| Aldeanos / militares | 210 / 205 |
Foco
⚔️ 32.0% · 🌾 68.0%
Spearman ×92 · Cavalry Archer ×62 · Archer ×37 · Trebuchet (Packed) ×5 · Konnik ×4 · Militia ×4
Feudal
9:16
Castillos
23:24
Imperial
44:41
| APM promedio | 62.2 |
| APM pico | 147 |
| eAPM promedio | 29.3 |
| Aldeanos / militares | 112 / 116 |
Foco
⚔️ 24.5% · 🌾 75.5%
Knight ×102 · Scout Cavalry ×14
Feudal
8:52
Castillos
23:16
Imperial
43:45
| APM promedio | 89.9 |
| APM pico | 147 |
| eAPM promedio | 57.4 |
| Aldeanos / militares | 183 / 87 |
Foco
⚔️ 72.8% · 🌾 27.2%
Unknown (1908) ×244 · Steppe Lancer ×67 · Scout Cavalry ×13 · Monk ×6 · Spearman ×1
Feudal
9:05
Castillos
24:14
Imperial
38:54
| APM promedio | 70.1 |
| APM pico | 114 |
| eAPM promedio | 27.4 |
| Aldeanos / militares | 155 / 335 |
Foco
⚔️ 35.6% · 🌾 64.4%
Archer ×124 · Scout Cavalry ×124 · Battle Elephant ×74 · Trebuchet (Packed) ×5 · Monk ×4 · Mangonel ×3
Feudal
9:21
Castillos
28:23
Imperial
40:37
| APM promedio | 41.3 |
| APM pico | 100 |
| eAPM promedio | 14.3 |
| Aldeanos / militares | 100 / 86 |
Foco
⚔️ 32.0% · 🌾 68.0%
Archer ×72 · Trebuchet (Packed) ×5 · Monk ×4 · Mangonel ×2 · Skirmisher ×2 · Fishing Ship ×2
Feudal
8:33
Castillos
24:40
Imperial
40:51
| APM promedio | 76.8 |
| APM pico | 108 |
| eAPM promedio | 38.1 |
| Aldeanos / militares | 248 / 238 |
Foco
⚔️ 23.9% · 🌾 76.1%
Spearman ×113 · Knight ×62 · Gbeto ×49 · Scout Cavalry ×11 · Monk ×3
Mapa de la partida
Recursos iniciales + cada clic de construcción. Líneas = muros · curvas = relieve. ◆ oro · ⬟ piedra · ● bayas · ✦ reliquia · ◌ hueco del cierre
Tu base· Abierta — hueco de 7t
Base de Dâm Nữ xin chờ lệnh· Abierta — hueco de 1t
Base de HUYPEO· Abierta — hueco de 1t
Base de Gà Con Biết Gáy· ✓ Cerrada en 23:24 · 30t muro · 3 puerta(s)
Base de Toan Perfect· ✓ Cerrada en 23:16 · 46t muro · sin puerta
Base de tychodalat· ✓ Cerrada en 24:14 · 29t muro · 2 puerta(s)
Base de khotin2410· Abierta — hueco de 7t
Base de GaCon01· ✓ Cerrada en 24:40 · 68t muro · 4 puerta(s)
Terreno inicial suavizado · ◌ = hueco del cierre detectado · pasá el cursor para detalles
Inputs por minuto
— MAND_TITAN - - Dâm Nữ xin chờ lệnh
Build order — MAND_TITAN
Primeras 150 de 410 acciones detectadas
| 0:00 | Crear | Villager (Male) |
| 0:01 | Crear | Villager (Male) |
| 0:01 | Crear | Villager (Male) |
| 0:02 | Construir | House |
| 0:03 | Construir | House |
| 0:07 | Crear | Villager (Male) |
| 0:54 | Investigar | Loom |
| 1:27 | Crear | Villager (Male) |
| 2:16 | Crear | Villager (Male) |
| 2:17 | Crear | Villager (Male) |
| 3:08 | Construir | House |
| 3:24 | Crear | Villager (Male) |
| 3:24 | Crear | Villager (Male) |
| 3:24 | Crear | Villager (Male) |
| 4:36 | Crear | Villager (Male) |
| 4:51 | Crear | Villager (Male) |
| 4:55 | Construir | Lumber Camp |
| 5:21 | Crear | Villager (Male) |
| 5:39 | Crear | Villager (Male) |
| 6:04 | Construir | Mining Camp |
| 6:17 | Crear | Villager (Male) |
| 6:54 | Investigar | Feudal Age |
| 7:00 | Construir | House |
| 8:06 | Construir | Barracks |
| 8:16 | Crear | Villager (Male) |
| 9:00 | Crear | Villager (Male) |
| 9:04 | Edad | Edad Feudal |
| 9:08 | Construir | Archery Range |
| 9:25 | Investigar | Double-Bit Axe |
| 9:39 | Construir | House |
| 9:43 | Construir | Palisade Wall |
| 9:45 | Construir | Palisade Wall |
| 9:51 | Construir | Palisade Wall |
| 10:06 | Crear | Villager (Male) |
| 10:06 | Crear | Villager (Male) |
| 10:33 | Construir | Archery Range |
| 10:45 | Crear | Spearman |
| 11:02 | Crear | Archer |
| 11:03 | Crear | Archer |
| 11:12 | Crear | Archer |
| 11:40 | Construir | House |
| 11:42 | Crear | Archer |
| 11:49 | Crear | Villager (Male) |
| 11:51 | Crear | Archer |
| 11:52 | Construir | House |
| 12:26 | Crear | Archer |
| 12:32 | Construir | Mill |
| 12:42 | Crear | Villager (Male) |
| 12:59 | Construir | Blacksmith |
| 13:06 | Crear | Villager (Male) |
| 13:07 | Crear | Villager (Male) |
| 13:18 | Construir | Farm |
| 13:31 | Crear | Villager (Male) |
| 13:41 | Crear | Spearman |
| 13:48 | Construir | House |
| 13:51 | Construir | House |
| 13:52 | Construir | Palisade Wall |
| 13:53 | Construir | Palisade Wall |
| 14:09 | Crear | Villager (Male) |
| 14:31 | Crear | Villager (Male) |
| 14:33 | Construir | Farm |
| 14:50 | Construir | Farm |
| 15:03 | Investigar | Fletching |
| 15:10 | Crear | Villager (Male) |
| 15:11 | Crear | Archer |
| 15:12 | Crear | Archer |
| 15:30 | Crear | Villager (Male) |
| 15:31 | Crear | Archer |
| 15:31 | Crear | Archer |
| 15:43 | Construir | Palisade Wall |
| 15:45 | Construir | Palisade Wall |
| 16:00 | Crear | Villager (Male) |
| 16:01 | Crear | Archer |
| 16:01 | Crear | Villager (Male) |
| 16:11 | Crear | Villager (Male) |
| 16:13 | Construir | House |
| 16:15 | Construir | Palisade Wall |
| 16:28 | Construir | Farm |
| 16:33 | Crear | Villager (Male) |
| 16:41 | Crear | Archer |
| 16:44 | Construir | House |
| 16:45 | Crear | Villager (Male) |
| 16:51 | Construir | Farm |
| 16:51 | Construir | Farm |
| 16:51 | Construir | Farm |
| 16:54 | Construir | Farm |
| 17:12 | Construir | House |
| 17:14 | Construir | Palisade Wall |
| 17:15 | Crear | Villager (Male) |
| 17:21 | Crear | Archer |
| 17:39 | Crear | Villager (Male) |
| 17:39 | Crear | Archer |
| 17:48 | Crear | Villager (Male) |
| 17:52 | Crear | Villager (Male) |
| 18:01 | Construir | Watch Tower |
| 18:15 | Crear | Villager (Male) |
| 18:19 | Construir | Farm |
| 18:19 | Crear | Villager (Male) |
| 18:29 | Crear | Villager (Male) |
| 18:47 | Construir | Farm |
| 18:53 | Construir | Farm |
| 19:13 | Crear | Archer |
| 19:32 | Investigar | Padded Archer Armor |
| 20:13 | Crear | Archer |
| 20:51 | Crear | Villager (Male) |
| 20:52 | Crear | Villager (Male) |
| 20:54 | Crear | Villager (Male) |
| 20:58 | Construir | Market |
| 21:10 | Crear | Archer |
| 21:10 | Crear | Archer |
| 21:46 | Construir | Archery Range |
| 22:18 | Construir | Lumber Camp |
| 22:29 | Investigar | Castle Age |
| 22:30 | Investigar | Castle Age |
| 22:36 | Crear | Archer |
| 22:41 | Construir | Lumber Camp |
| 22:43 | Crear | Archer |
| 23:13 | Crear | Archer |
| 23:17 | Crear | Archer |
| 23:37 | Crear | Archer |
| 23:48 | Crear | Archer |
| 24:09 | Crear | Archer |
| 24:10 | Crear | Villager (Male) |
| 24:15 | Construir | House |
| 24:17 | Construir | House |
| 24:21 | Construir | House |
| 24:24 | Construir | Palisade Wall |
| 24:28 | Crear | Archer |
| 24:36 | Crear | Archer |
| 25:09 | Edad | Edad de los Castillos |
| 25:14 | Crear | Cavalry Archer |
| 25:14 | Crear | Cavalry Archer |
| 25:19 | Investigar | Bodkin Arrow |
| 25:35 | Crear | Cavalry Archer |
| 25:36 | Crear | Cavalry Archer |
| 25:38 | Crear | Villager (Male) |
| 25:47 | Construir | Mining Camp |
| 25:56 | Crear | Cavalry Archer |
| 25:57 | Crear | Villager (Male) |
| 26:03 | Crear | Villager (Male) |
| 26:08 | Crear | Villager (Male) |
| 26:10 | Investigar | Bow Saw |
| 26:13 | Crear | Cavalry Archer |
| 26:14 | Crear | Villager (Male) |
| 26:18 | Construir | University |
| 27:00 | Crear | Villager (Male) |
| 27:07 | Construir | Town Center |
| 27:52 | Investigar | Ballistics |
| 28:08 | Construir | House |
| 28:10 | Construir | Palisade Wall |
Build order — Dâm Nữ xin chờ lệnh
Primeras 150 de 537 acciones detectadas
| 0:01 | Crear | Villager (Male) |
| 0:01 | Crear | Villager (Male) |
| 0:01 | Crear | Villager (Male) |
| 0:01 | Crear | Villager (Male) |
| 0:03 | Construir | House |
| 0:04 | Construir | House |
| 1:29 | Crear | Villager (Male) |
| 2:02 | Crear | Villager (Male) |
| 2:02 | Crear | Villager (Male) |
| 2:13 | Construir | Lumber Camp |
| 2:21 | Crear | Villager (Male) |
| 2:21 | Crear | Villager (Male) |
| 2:48 | Investigar | Loom |
| 2:55 | Crear | Villager (Male) |
| 2:56 | Crear | Villager (Male) |
| 3:23 | Crear | Villager (Male) |
| 3:24 | Crear | Villager (Male) |
| 3:46 | Crear | Villager (Male) |
| 3:46 | Crear | Villager (Male) |
| 4:00 | Construir | House |
| 4:09 | Crear | Villager (Male) |
| 4:09 | Crear | Villager (Male) |
| 4:39 | Crear | Villager (Male) |
| 4:39 | Crear | Villager (Male) |
| 4:40 | Crear | Villager (Male) |
| 5:28 | Crear | Villager (Male) |
| 5:28 | Crear | Villager (Male) |
| 5:41 | Crear | Villager (Male) |
| 5:41 | Crear | Villager (Male) |
| 6:07 | Construir | Mill |
| 6:15 | Investigar | Loom |
| 6:48 | Crear | Villager (Male) |
| 7:21 | Construir | House |
| 7:43 | Investigar | Feudal Age |
| 8:51 | Construir | Barracks |
| 9:53 | Edad | Edad Feudal |
| 9:58 | Construir | Stable |
| 9:59 | Investigar | Double-Bit Axe |
| 10:02 | Crear | Villager (Male) |
| 10:07 | Construir | Farm |
| 10:31 | Crear | Villager (Male) |
| 10:36 | Construir | Farm |
| 10:39 | Construir | Farm |
| 10:41 | Crear | Scout Cavalry |
| 10:41 | Crear | Scout Cavalry |
| 10:46 | Construir | House |
| 10:49 | Construir | Palisade Wall |
| 10:54 | Construir | Farm |
| 10:56 | Crear | Villager (Male) |
| 10:56 | Crear | Villager (Male) |
| 10:57 | Crear | Villager (Male) |
| 11:31 | Construir | Farm |
| 11:44 | Crear | Scout Cavalry |
| 11:45 | Crear | Villager (Male) |
| 11:45 | Crear | Villager (Male) |
| 11:48 | Construir | Farm |
| 11:50 | Construir | Farm |
| 12:05 | Crear | Villager (Male) |
| 12:10 | Construir | Farm |
| 12:16 | Construir | House |
| 12:17 | Crear | Villager (Male) |
| 12:29 | Crear | Scout Cavalry |
| 12:43 | Crear | Villager (Male) |
| 12:43 | Crear | Villager (Male) |
| 13:13 | Crear | Scout Cavalry |
| 13:14 | Crear | Villager (Male) |
| 13:18 | Construir | Blacksmith |
| 13:23 | Construir | Farm |
| 13:24 | Crear | Villager (Male) |
| 13:39 | Construir | Mining Camp |
| 14:09 | Crear | Villager (Male) |
| 14:11 | Construir | Farm |
| 14:14 | Construir | Farm |
| 14:17 | Construir | House |
| 14:22 | Crear | Scout Cavalry |
| 14:33 | Construir | Palisade Wall |
| 14:44 | Construir | Farm |
| 15:10 | Crear | Villager (Male) |
| 15:14 | Construir | Palisade Wall |
| 15:30 | Investigar | Scale Barding Armor |
| 15:31 | Crear | Villager (Male) |
| 15:34 | Construir | House |
| 16:04 | Construir | House |
| 16:12 | Crear | Scout Cavalry |
| 16:17 | Construir | House |
| 16:37 | Construir | House |
| 16:48 | Construir | Stable |
| 16:53 | Crear | Villager (Male) |
| 17:19 | Construir | Palisade Wall |
| 17:20 | Construir | Palisade Wall |
| 17:46 | Investigar | Castle Age |
| 17:47 | Investigar | Castle Age |
| 18:01 | Construir | Stable |
| 18:12 | Construir | Farm |
| 18:23 | Crear | Scout Cavalry |
| 18:23 | Crear | Scout Cavalry |
| 18:23 | Crear | Scout Cavalry |
| 18:33 | Crear | Scout Cavalry |
| 18:33 | Crear | Scout Cavalry |
| 18:57 | Crear | Scout Cavalry |
| 18:57 | Crear | Scout Cavalry |
| 19:43 | Investigar | Forging |
| 20:00 | Investigar | Gold Mining |
| 20:09 | Construir | House |
| 20:26 | Edad | Edad de los Castillos |
| 20:32 | Investigar | Light Cavalry (upgrade) |
| 20:55 | Investigar | Husbandry |
| 20:58 | Crear | Villager (Male) |
| 21:00 | Construir | Town Center |
| 21:41 | Construir | Farm |
| 22:28 | Investigar | Chain Barding Armor |
| 22:32 | Crear | Knight |
| 22:32 | Crear | Knight |
| 22:34 | Crear | Villager (Male) |
| 22:45 | Construir | Farm |
| 22:45 | Construir | Farm |
| 22:46 | Construir | Farm |
| 22:46 | Construir | Farm |
| 22:46 | Construir | Farm |
| 22:47 | Construir | Farm |
| 22:47 | Construir | Farm |
| 22:50 | Crear | Knight |
| 22:50 | Crear | Knight |
| 23:01 | Crear | Knight |
| 23:01 | Crear | Knight |
| 24:15 | Crear | Knight |
| 24:15 | Crear | Knight |
| 24:16 | Crear | Knight |
| 24:18 | Investigar | Bow Saw |
| 24:18 | Investigar | Bow Saw |
| 24:20 | Construir | Farm |
| 24:21 | Construir | Farm |
| 24:23 | Crear | Villager (Male) |
| 24:24 | Crear | Villager (Male) |
| 24:45 | Construir | Farm |
| 24:45 | Construir | Farm |
| 24:47 | Construir | Farm |
| 24:48 | Construir | Farm |
| 24:56 | Crear | Knight |
| 24:56 | Crear | Knight |
| 24:57 | Crear | Knight |
| 24:59 | Construir | Farm |
| 24:59 | Construir | Farm |
| 25:04 | Crear | Villager (Male) |
| 25:05 | Crear | Villager (Male) |
| 25:39 | Investigar | Wheelbarrow |
| 25:39 | Investigar | Wheelbarrow |
| 25:44 | Construir | Farm |
| 25:44 | Construir | Farm |
| 26:03 | Crear | Villager (Male) |
Build order — HUYPEO
Primeras 150 de 669 acciones detectadas
| 0:00 | Crear | Villager (Male) |
| 0:01 | Crear | Villager (Male) |
| 0:02 | Construir | House |
| 0:04 | Construir | House |
| 0:05 | Crear | Villager (Male) |
| 0:05 | Crear | Villager (Male) |
| 1:38 | Crear | Villager (Male) |
| 1:38 | Crear | Villager (Male) |
| 2:05 | Crear | Villager (Male) |
| 2:24 | Crear | Villager (Male) |
| 2:57 | Crear | Villager (Male) |
| 2:57 | Crear | Villager (Male) |
| 3:13 | Crear | Villager (Male) |
| 3:13 | Crear | Villager (Male) |
| 3:19 | Construir | Lumber Camp |
| 3:42 | Crear | Villager (Male) |
| 3:47 | Construir | House |
| 4:05 | Crear | Villager (Male) |
| 4:35 | Crear | Villager (Male) |
| 4:36 | Crear | Villager (Male) |
| 5:18 | Crear | Villager (Male) |
| 5:18 | Crear | Villager (Male) |
| 5:26 | Construir | Barracks |
| 5:47 | Crear | Villager (Male) |
| 6:02 | Investigar | Loom |
| 6:20 | Construir | House |
| 7:07 | Investigar | Feudal Age |
| 7:38 | Construir | Mining Camp |
| 7:44 | Crear | Militia |
| 8:00 | Construir | House |
| 8:06 | Crear | Militia |
| 8:07 | Crear | Militia |
| 8:07 | Crear | Militia |
| 8:24 | Construir | Palisade Wall |
| 8:57 | Crear | Villager (Male) |
| 9:17 | Edad | Edad Feudal |
| 9:20 | Investigar | Double-Bit Axe |
| 9:28 | Construir | Archery Range |
| 10:13 | Crear | Villager (Male) |
| 10:14 | Crear | Villager (Male) |
| 10:14 | Crear | Villager (Male) |
| 10:15 | Construir | House |
| 10:26 | Crear | Archer |
| 10:27 | Crear | Archer |
| 11:04 | Construir | Blacksmith |
| 11:05 | Crear | Villager (Male) |
| 11:08 | Construir | Mill |
| 11:35 | Crear | Villager (Male) |
| 11:52 | Crear | Archer |
| 11:52 | Crear | Archer |
| 11:53 | Construir | House |
| 12:12 | Crear | Villager (Male) |
| 12:17 | Construir | House |
| 12:19 | Construir | Palisade Wall |
| 12:28 | Crear | Archer |
| 12:28 | Crear | Archer |
| 12:30 | Construir | House |
| 12:34 | Construir | Farm |
| 12:43 | Crear | Villager (Male) |
| 12:44 | Construir | Farm |
| 12:58 | Crear | Archer |
| 12:58 | Crear | Villager (Male) |
| 12:59 | Crear | Villager (Male) |
| 13:16 | Crear | Villager (Male) |
| 13:23 | Investigar | Fletching |
| 13:23 | Investigar | Fletching |
| 13:28 | Construir | Archery Range |
| 13:39 | Crear | Archer |
| 13:42 | Crear | Villager (Male) |
| 13:43 | Crear | Villager (Male) |
| 13:50 | Construir | Farm |
| 14:01 | Crear | Villager (Male) |
| 14:01 | Crear | Villager (Male) |
| 14:12 | Construir | Palisade Wall |
| 14:13 | Construir | Palisade Wall |
| 14:16 | Crear | Archer |
| 14:19 | Investigar | Padded Archer Armor |
| 14:19 | Investigar | Padded Archer Armor |
| 14:24 | Crear | Archer |
| 14:24 | Crear | Archer |
| 14:41 | Construir | Palisade Wall |
| 14:44 | Construir | House |
| 14:48 | Construir | Farm |
| 14:50 | Crear | Villager (Male) |
| 14:50 | Crear | Villager (Male) |
| 15:03 | Crear | Archer |
| 15:03 | Crear | Archer |
| 15:04 | Crear | Villager (Male) |
| 15:05 | Crear | Villager (Male) |
| 15:19 | Crear | Villager (Male) |
| 15:19 | Crear | Villager (Male) |
| 15:21 | Construir | Farm |
| 15:21 | Construir | Farm |
| 15:35 | Construir | Farm |
| 15:40 | Construir | Palisade Wall |
| 15:51 | Crear | Archer |
| 15:51 | Crear | Archer |
| 15:51 | Crear | Archer |
| 16:15 | Construir | House |
| 16:24 | Crear | Villager (Male) |
| 16:24 | Crear | Villager (Male) |
| 16:24 | Crear | Villager (Male) |
| 16:27 | Construir | Farm |
| 16:27 | Construir | Farm |
| 16:33 | Crear | Archer |
| 16:34 | Crear | Archer |
| 16:34 | Crear | Archer |
| 16:35 | Crear | Villager (Male) |
| 16:35 | Crear | Villager (Male) |
| 16:51 | Construir | House |
| 16:54 | Construir | Palisade Wall |
| 17:04 | Construir | Farm |
| 17:24 | Crear | Archer |
| 17:24 | Crear | Archer |
| 17:35 | Crear | Archer |
| 17:35 | Crear | Archer |
| 17:40 | Crear | Villager (Male) |
| 17:40 | Crear | Villager (Male) |
| 17:40 | Crear | Villager (Male) |
| 17:41 | Crear | Villager (Male) |
| 17:45 | Construir | Farm |
| 18:17 | Construir | Farm |
| 18:21 | Construir | House |
| 18:22 | Construir | Palisade Wall |
| 18:29 | Crear | Archer |
| 18:30 | Crear | Archer |
| 18:30 | Crear | Archer |
| 18:55 | Investigar | Wheelbarrow |
| 18:55 | Investigar | Wheelbarrow |
| 19:03 | Crear | Archer |
| 19:03 | Crear | Archer |
| 19:03 | Crear | Archer |
| 19:03 | Crear | Archer |
| 19:41 | Crear | Archer |
| 19:41 | Crear | Archer |
| 20:20 | Crear | Archer |
| 20:21 | Crear | Archer |
| 20:21 | Crear | Villager (Male) |
| 20:22 | Crear | Villager (Male) |
| 20:53 | Construir | Lumber Camp |
| 21:08 | Construir | Farm |
| 21:12 | Construir | House |
| 21:19 | Construir | Lumber Camp |
| 22:00 | Investigar | Castle Age |
| 22:00 | Investigar | Castle Age |
| 22:02 | Construir | Farm |
| 22:29 | Construir | Archery Range |
| 22:39 | Investigar | Gold Mining |
| 22:39 | Investigar | Gold Mining |
| 22:40 | Investigar | Horse Collar |
Build order — Gà Con Biết Gáy
Primeras 150 de 388 acciones detectadas
| 0:01 | Crear | Villager (Male) |
| 0:01 | Crear | Villager (Male) |
| 0:01 | Crear | Villager (Male) |
| 0:02 | Crear | Villager (Male) |
| 0:02 | Crear | Villager (Male) |
| 0:03 | Construir | House |
| 0:05 | Construir | House |
| 1:24 | Crear | Villager (Male) |
| 2:00 | Crear | Villager (Male) |
| 2:09 | Crear | Villager (Male) |
| 2:47 | Crear | Villager (Male) |
| 3:17 | Crear | Villager (Male) |
| 3:17 | Crear | Villager (Male) |
| 3:27 | Construir | House |
| 4:02 | Crear | Villager (Male) |
| 4:02 | Crear | Villager (Male) |
| 4:23 | Crear | Villager (Male) |
| 4:23 | Crear | Villager (Male) |
| 4:23 | Crear | Villager (Male) |
| 4:32 | Crear | Villager (Male) |
| 4:44 | Construir | Lumber Camp |
| 4:49 | Crear | Villager (Male) |
| 4:49 | Crear | Villager (Male) |
| 5:10 | Construir | Mill |
| 5:32 | Crear | Villager (Male) |
| 6:30 | Investigar | Loom |
| 6:52 | Investigar | Feudal Age |
| 7:34 | Construir | House |
| 7:54 | Construir | Barracks |
| 9:01 | Construir | Palisade Wall |
| 9:16 | Edad | Edad Feudal |
| 9:19 | Crear | Villager (Male) |
| 9:20 | Investigar | Double-Bit Axe |
| 9:24 | Construir | Stable |
| 9:39 | Crear | Villager (Male) |
| 9:46 | Crear | Villager (Male) |
| 9:59 | Construir | Farm |
| 10:06 | Construir | House |
| 10:07 | Crear | Scout Cavalry |
| 10:27 | Crear | Villager (Male) |
| 10:32 | Construir | House |
| 10:33 | Crear | Scout Cavalry |
| 10:33 | Crear | Scout Cavalry |
| 10:57 | Construir | House |
| 11:09 | Construir | Farm |
| 11:10 | Crear | Villager (Male) |
| 11:13 | Construir | Farm |
| 11:19 | Construir | Farm |
| 11:33 | Construir | House |
| 11:36 | Construir | Palisade Wall |
| 11:45 | Crear | Scout Cavalry |
| 11:59 | Construir | Farm |
| 12:06 | Construir | Palisade Wall |
| 12:07 | Construir | Palisade Wall |
| 12:14 | Crear | Scout Cavalry |
| 12:25 | Construir | Blacksmith |
| 12:28 | Construir | House |
| 12:41 | Crear | Villager (Male) |
| 12:44 | Crear | Villager (Male) |
| 12:48 | Construir | House |
| 12:53 | Construir | Palisade Wall |
| 13:10 | Crear | Scout Cavalry |
| 13:36 | Construir | Farm |
| 13:38 | Construir | Farm |
| 13:39 | Crear | Villager (Male) |
| 13:52 | Crear | Villager (Male) |
| 13:54 | Crear | Scout Cavalry |
| 14:04 | Construir | Palisade Gate |
| 14:13 | Construir | Farm |
| 14:15 | Construir | Farm |
| 14:16 | Construir | Mill |
| 14:19 | Crear | Villager (Male) |
| 14:36 | Crear | Villager (Male) |
| 14:40 | Investigar | Forging |
| 15:10 | Construir | Farm |
| 15:11 | Construir | Farm |
| 15:14 | Construir | Farm |
| 15:16 | Construir | Farm |
| 15:32 | Crear | Scout Cavalry |
| 15:44 | Construir | Lumber Camp |
| 15:48 | Crear | Villager (Male) |
| 15:51 | Crear | Villager (Male) |
| 15:58 | Crear | Scout Cavalry |
| 16:07 | Investigar | Scale Barding Armor |
| 16:16 | Investigar | Horse Collar |
| 16:30 | Crear | Villager (Male) |
| 16:34 | Construir | Mining Camp |
| 16:38 | Crear | Scout Cavalry |
| 17:24 | Crear | Villager (Male) |
| 17:27 | Crear | Scout Cavalry |
| 17:56 | Crear | Villager (Male) |
| 17:57 | Crear | Villager (Male) |
| 18:06 | Construir | Farm |
| 18:08 | Construir | Farm |
| 18:12 | Construir | Farm |
| 18:18 | Crear | Villager (Male) |
| 18:21 | Crear | Scout Cavalry |
| 18:41 | Crear | Scout Cavalry |
| 18:48 | Construir | Mining Camp |
| 18:58 | Investigar | Bloodlines |
| 19:05 | Construir | Watch Tower |
| 19:15 | Crear | Scout Cavalry |
| 20:33 | Construir | Stable |
| 20:36 | Construir | Stable |
| 20:42 | Construir | Farm |
| 20:44 | Investigar | Castle Age |
| 21:01 | Construir | Palisade Gate |
| 21:13 | Investigar | Gold Mining |
| 21:28 | Construir | House |
| 21:30 | Construir | House |
| 22:03 | Construir | House |
| 22:18 | Construir | Watch Tower |
| 22:30 | Construir | Mill |
| 22:41 | Construir | Palisade Gate |
| 22:42 | Construir | House |
| 22:55 | Construir | Palisade Wall |
| 23:24 | Edad | Edad de los Castillos |
| 23:28 | Crear | Knight |
| 23:28 | Crear | Knight |
| 23:28 | Crear | Knight |
| 23:28 | Crear | Knight |
| 23:28 | Crear | Knight |
| 23:29 | Crear | Knight |
| 24:17 | Crear | Knight |
| 24:18 | Crear | Knight |
| 24:18 | Crear | Knight |
| 24:27 | Construir | House |
| 24:49 | Construir | Palisade Wall |
| 25:08 | Crear | Villager (Male) |
| 25:41 | Crear | Knight |
| 25:42 | Crear | Knight |
| 25:42 | Crear | Knight |
| 25:42 | Crear | Knight |
| 26:44 | Construir | Town Center |
| 26:51 | Crear | Villager (Male) |
| 26:51 | Crear | Villager (Male) |
| 27:32 | Construir | Market |
| 28:19 | Crear | Villager (Male) |
| 28:20 | Crear | Villager (Male) |
| 28:21 | Crear | Villager (Male) |
| 28:26 | Crear | Villager (Male) |
| 28:27 | Crear | Villager (Male) |
| 28:34 | Crear | Villager (Male) |
| 28:37 | Construir | Farm |
| 29:24 | Crear | Knight |
| 29:24 | Crear | Knight |
| 29:25 | Crear | Knight |
| 29:25 | Crear | Knight |
| 29:55 | Construir | Farm |
| 29:59 | Crear | Villager (Male) |
Build order — Toan Perfect
Primeras 150 de 730 acciones detectadas
| 0:00 | Crear | Villager (Male) |
| 0:01 | Crear | Villager (Male) |
| 0:01 | Crear | Villager (Male) |
| 0:01 | Crear | Villager (Male) |
| 0:03 | Construir | House |
| 0:04 | Construir | House |
| 1:24 | Crear | Villager (Male) |
| 1:35 | Crear | Villager (Male) |
| 1:48 | Construir | Lumber Camp |
| 2:11 | Crear | Villager (Male) |
| 2:28 | Crear | Villager (Male) |
| 3:04 | Crear | Villager (Male) |
| 3:31 | Crear | Villager (Male) |
| 3:52 | Construir | House |
| 4:01 | Crear | Villager (Male) |
| 4:01 | Crear | Villager (Male) |
| 4:16 | Crear | Villager (Male) |
| 4:16 | Crear | Villager (Male) |
| 4:52 | Crear | Villager (Male) |
| 5:02 | Crear | Villager (Male) |
| 5:03 | Crear | Villager (Male) |
| 5:54 | Crear | Villager (Male) |
| 5:57 | Construir | Mill |
| 6:42 | Investigar | Feudal Age |
| 6:42 | Investigar | Feudal Age |
| 7:35 | Construir | House |
| 7:39 | Crear | Villager (Male) |
| 7:51 | Crear | Villager (Male) |
| 7:53 | Crear | Villager (Male) |
| 8:00 | Construir | Barracks |
| 8:10 | Crear | Villager (Male) |
| 8:43 | Investigar | Loom |
| 8:52 | Edad | Edad Feudal |
| 8:58 | Construir | Stable |
| 9:13 | Construir | House |
| 9:21 | Investigar | Double-Bit Axe |
| 9:32 | Crear | Villager (Male) |
| 9:34 | Crear | Villager (Male) |
| 9:40 | Crear | Scout Cavalry |
| 9:40 | Crear | Scout Cavalry |
| 9:45 | Construir | House |
| 9:47 | Construir | Palisade Wall |
| 9:51 | Construir | House |
| 10:00 | Crear | Villager (Male) |
| 10:11 | Investigar | Horse Collar |
| 10:13 | Crear | Scout Cavalry |
| 10:14 | Crear | Villager (Male) |
| 10:29 | Crear | Scout Cavalry |
| 10:40 | Construir | House |
| 10:41 | Construir | Palisade Wall |
| 10:43 | Crear | Scout Cavalry |
| 10:44 | Crear | Villager (Male) |
| 11:04 | Crear | Villager (Male) |
| 11:07 | Construir | Farm |
| 11:09 | Construir | Farm |
| 11:10 | Construir | Farm |
| 11:30 | Crear | Scout Cavalry |
| 11:47 | Construir | Farm |
| 11:50 | Construir | House |
| 11:52 | Construir | Palisade Wall |
| 12:00 | Construir | Blacksmith |
| 12:20 | Crear | Villager (Male) |
| 12:23 | Crear | Scout Cavalry |
| 12:35 | Crear | Scout Cavalry |
| 12:37 | Crear | Villager (Male) |
| 12:40 | Construir | Farm |
| 12:43 | Construir | Mining Camp |
| 13:02 | Crear | Villager (Male) |
| 13:08 | Construir | Farm |
| 13:13 | Crear | Villager (Male) |
| 13:15 | Construir | House |
| 13:16 | Construir | House |
| 13:17 | Construir | Palisade Wall |
| 13:29 | Crear | Scout Cavalry |
| 13:37 | Crear | Villager (Male) |
| 13:47 | Crear | Villager (Male) |
| 14:03 | Investigar | Scale Barding Armor |
| 14:05 | Construir | Farm |
| 14:06 | Construir | Farm |
| 14:07 | Crear | Villager (Male) |
| 14:08 | Construir | Farm |
| 14:24 | Crear | Villager (Male) |
| 14:32 | Crear | Villager (Male) |
| 14:50 | Construir | Farm |
| 14:51 | Construir | Farm |
| 14:52 | Crear | Scout Cavalry |
| 15:02 | Construir | Farm |
| 15:05 | Construir | House |
| 15:06 | Construir | Palisade Wall |
| 15:07 | Construir | Palisade Wall |
| 15:11 | Crear | Villager (Male) |
| 15:26 | Crear | Scout Cavalry |
| 15:30 | Crear | Villager (Male) |
| 15:32 | Construir | Farm |
| 15:33 | Construir | Farm |
| 15:47 | Crear | Villager (Male) |
| 15:58 | Construir | House |
| 15:59 | Construir | Palisade Wall |
| 16:07 | Construir | Farm |
| 16:12 | Investigar | Bloodlines |
| 16:23 | Crear | Villager (Male) |
| 16:37 | Crear | Villager (Male) |
| 16:43 | Construir | Farm |
| 16:45 | Construir | Farm |
| 16:47 | Construir | Palisade Gate |
| 16:50 | Crear | Spearman |
| 16:51 | Construir | House |
| 16:58 | Crear | Villager (Male) |
| 17:02 | Construir | House |
| 17:07 | Crear | Scout Cavalry |
| 17:11 | Construir | Palisade Wall |
| 17:15 | Crear | Villager (Male) |
| 17:20 | Crear | Villager (Male) |
| 17:24 | Construir | Farm |
| 17:26 | Crear | Villager (Male) |
| 17:32 | Crear | Villager (Male) |
| 17:37 | Construir | Palisade Wall |
| 17:51 | Crear | Villager (Male) |
| 18:03 | Construir | Farm |
| 18:07 | Crear | Villager (Male) |
| 18:28 | Construir | Lumber Camp |
| 18:29 | Crear | Villager (Male) |
| 18:30 | Construir | Farm |
| 18:42 | Investigar | Wheelbarrow |
| 19:10 | Investigar | Forging |
| 19:33 | Construir | Farm |
| 19:36 | Construir | Farm |
| 19:38 | Construir | Farm |
| 19:40 | Crear | Villager (Male) |
| 20:33 | Investigar | Castle Age |
| 20:34 | Investigar | Castle Age |
| 20:55 | Construir | Stable |
| 21:08 | Crear | Scout Cavalry |
| 21:11 | Investigar | Gold Mining |
| 22:16 | Construir | Palisade Wall |
| 22:53 | Crear | Villager (Male) |
| 23:16 | Edad | Edad de los Castillos |
| 23:20 | Construir | House |
| 23:21 | Construir | House |
| 23:22 | Crear | Steppe Lancer |
| 23:22 | Crear | Steppe Lancer |
| 23:22 | Crear | Steppe Lancer |
| 23:23 | Crear | Steppe Lancer |
| 23:24 | Investigar | Chain Barding Armor |
| 23:24 | Investigar | Bow Saw |
| 23:28 | Construir | Town Center |
| 23:31 | Crear | Villager (Male) |
| 23:32 | Crear | Villager (Male) |
| 23:35 | Investigar | Iron Casting |
| 23:43 | Construir | Palisade Wall |
Build order — tychodalat
Primeras 150 de 600 acciones detectadas
| 0:01 | Crear | Villager (Male) |
| 0:01 | Crear | Villager (Male) |
| 0:02 | Construir | House |
| 0:03 | Construir | House |
| 0:05 | Crear | Villager (Male) |
| 0:06 | Crear | Villager (Male) |
| 1:29 | Crear | Villager (Male) |
| 1:29 | Crear | Villager (Male) |
| 1:49 | Crear | Villager (Male) |
| 2:18 | Crear | Villager (Male) |
| 2:47 | Construir | Lumber Camp |
| 2:52 | Crear | Villager (Male) |
| 2:53 | Crear | Villager (Male) |
| 3:09 | Crear | Villager (Male) |
| 3:27 | Construir | House |
| 3:37 | Crear | Villager (Male) |
| 3:39 | Crear | Villager (Male) |
| 3:39 | Crear | Villager (Male) |
| 4:17 | Crear | Villager (Male) |
| 4:17 | Crear | Villager (Male) |
| 5:17 | Crear | Villager (Male) |
| 5:30 | Construir | Mining Camp |
| 5:44 | Crear | Villager (Male) |
| 5:45 | Investigar | Loom |
| 6:55 | Investigar | Feudal Age |
| 7:13 | Construir | Palisade Wall |
| 7:15 | Construir | Palisade Wall |
| 7:48 | Construir | Barracks |
| 8:14 | Construir | House |
| 8:36 | Crear | Villager (Male) |
| 9:05 | Edad | Edad Feudal |
| 9:07 | Construir | Archery Range |
| 9:10 | Construir | Archery Range |
| 9:13 | Construir | Archery Range |
| 9:20 | Crear | Villager (Male) |
| 9:25 | Crear | Spearman |
| 9:36 | Crear | Villager (Male) |
| 9:42 | Construir | House |
| 9:44 | Construir | Palisade Wall |
| 9:47 | Construir | Blacksmith |
| 9:49 | Crear | Villager (Male) |
| 9:55 | Construir | Blacksmith |
| 10:04 | Crear | Archer |
| 10:04 | Crear | Archer |
| 10:17 | Crear | Archer |
| 10:23 | Construir | Palisade Gate |
| 10:31 | Crear | Villager (Male) |
| 10:49 | Crear | Villager (Male) |
| 10:50 | Crear | Villager (Male) |
| 10:57 | Construir | House |
| 10:58 | Construir | Palisade Wall |
| 10:59 | Crear | Archer |
| 11:15 | Construir | House |
| 11:16 | Construir | Palisade Wall |
| 11:16 | Construir | Palisade Wall |
| 11:19 | Construir | Palisade Wall |
| 11:23 | Crear | Archer |
| 11:57 | Crear | Villager (Male) |
| 12:02 | Crear | Archer |
| 12:02 | Crear | Archer |
| 12:10 | Construir | House |
| 12:11 | Construir | Palisade Wall |
| 12:27 | Crear | Archer |
| 12:38 | Investigar | Fletching |
| 12:39 | Investigar | Fletching |
| 13:09 | Crear | Villager (Male) |
| 13:14 | Construir | Mill |
| 13:19 | Construir | Palisade Gate |
| 13:25 | Crear | Archer |
| 13:25 | Crear | Archer |
| 13:25 | Crear | Archer |
| 13:46 | Construir | Farm |
| 13:50 | Construir | Farm |
| 13:50 | Construir | Farm |
| 13:53 | Construir | Farm |
| 13:56 | Crear | Archer |
| 13:59 | Construir | Farm |
| 14:02 | Crear | Archer |
| 14:02 | Crear | Archer |
| 14:15 | Crear | Archer |
| 14:15 | Crear | Archer |
| 14:24 | Crear | Villager (Male) |
| 14:30 | Construir | Farm |
| 14:31 | Crear | Villager (Male) |
| 14:31 | Crear | Villager (Male) |
| 14:39 | Crear | Archer |
| 14:58 | Crear | Archer |
| 14:58 | Crear | Archer |
| 14:59 | Crear | Villager (Male) |
| 15:01 | Construir | Farm |
| 15:07 | Crear | Villager (Male) |
| 15:07 | Crear | Villager (Male) |
| 15:28 | Crear | Villager (Male) |
| 15:31 | Construir | House |
| 15:36 | Construir | House |
| 15:37 | Construir | House |
| 15:53 | Crear | Archer |
| 15:53 | Crear | Archer |
| 15:55 | Crear | Villager (Male) |
| 15:58 | Construir | Farm |
| 16:10 | Crear | Archer |
| 16:10 | Crear | Archer |
| 16:19 | Crear | Villager (Male) |
| 16:20 | Crear | Archer |
| 16:37 | Crear | Villager (Male) |
| 16:38 | Crear | Villager (Male) |
| 16:41 | Construir | Farm |
| 17:03 | Crear | Archer |
| 17:04 | Crear | Archer |
| 17:04 | Crear | Villager (Male) |
| 17:07 | Construir | Farm |
| 17:07 | Crear | Villager (Male) |
| 17:18 | Crear | Villager (Male) |
| 17:38 | Crear | Villager (Male) |
| 17:41 | Construir | Lumber Camp |
| 17:47 | Construir | Lumber Camp |
| 17:56 | Crear | Archer |
| 17:56 | Crear | Archer |
| 18:02 | Investigar | Wheelbarrow |
| 18:02 | Investigar | Wheelbarrow |
| 18:18 | Crear | Archer |
| 18:18 | Crear | Archer |
| 18:30 | Investigar | Padded Archer Armor |
| 18:36 | Crear | Villager (Male) |
| 18:55 | Crear | Archer |
| 18:55 | Crear | Archer |
| 19:12 | Construir | Farm |
| 19:22 | Construir | House |
| 19:31 | Crear | Villager (Male) |
| 19:32 | Crear | Villager (Male) |
| 19:45 | Construir | House |
| 19:46 | Construir | House |
| 19:51 | Crear | Archer |
| 19:51 | Crear | Archer |
| 19:51 | Crear | Archer |
| 20:40 | Crear | Villager (Male) |
| 20:44 | Construir | Mining Camp |
| 20:52 | Crear | Archer |
| 21:34 | Investigar | Castle Age |
| 21:34 | Investigar | Castle Age |
| 22:09 | Crear | Archer |
| 22:09 | Crear | Archer |
| 22:35 | Crear | Archer |
| 22:36 | Crear | Archer |
| 22:37 | Investigar | Gold Mining |
| 22:38 | Investigar | Horse Collar |
| 23:07 | Crear | Archer |
| 23:07 | Crear | Archer |
| 23:45 | Crear | Archer |
| 23:45 | Crear | Archer |
Build order — khotin2410
Primeras 150 de 295 acciones detectadas
| 0:01 | Crear | Villager (Male) |
| 0:02 | Crear | Villager (Male) |
| 0:02 | Crear | Villager (Male) |
| 0:02 | Crear | Villager (Male) |
| 0:02 | Crear | Villager (Male) |
| 0:04 | Construir | House |
| 0:10 | Construir | House |
| 1:36 | Crear | Villager (Male) |
| 2:10 | Crear | Villager (Male) |
| 2:19 | Crear | Villager (Male) |
| 2:19 | Crear | Villager (Male) |
| 2:22 | Construir | Lumber Camp |
| 3:04 | Crear | Villager (Male) |
| 3:20 | Crear | Villager (Male) |
| 3:35 | Construir | House |
| 3:39 | Investigar | Loom |
| 3:59 | Crear | Villager (Male) |
| 3:59 | Crear | Villager (Male) |
| 4:10 | Crear | Villager (Male) |
| 4:33 | Crear | Villager (Male) |
| 4:33 | Crear | Villager (Male) |
| 4:50 | Construir | House |
| 5:24 | Construir | House |
| 5:31 | Crear | Villager (Male) |
| 5:31 | Crear | Villager (Male) |
| 5:32 | Crear | Villager (Male) |
| 6:19 | Construir | Mill |
| 6:33 | Crear | Villager (Male) |
| 7:26 | Crear | Villager (Male) |
| 8:03 | Investigar | Feudal Age |
| 8:21 | Construir | Barracks |
| 9:21 | Edad | Edad Feudal |
| 9:32 | Crear | Villager (Male) |
| 9:33 | Crear | Villager (Male) |
| 9:40 | Construir | Archery Range |
| 10:05 | Crear | Spearman |
| 10:21 | Crear | Villager (Male) |
| 10:23 | Crear | Archer |
| 10:23 | Crear | Archer |
| 10:26 | Construir | House |
| 10:34 | Crear | Villager (Male) |
| 11:04 | Construir | House |
| 11:39 | Construir | Blacksmith |
| 11:48 | Crear | Villager (Male) |
| 11:51 | Crear | Archer |
| 11:51 | Crear | Archer |
| 12:13 | Crear | Villager (Male) |
| 12:19 | Construir | Mining Camp |
| 12:30 | Crear | Archer |
| 12:30 | Crear | Archer |
| 12:30 | Crear | Archer |
| 12:34 | Construir | House |
| 12:40 | Crear | Villager (Male) |
| 12:41 | Crear | Villager (Male) |
| 13:26 | Investigar | Fletching |
| 13:27 | Investigar | Fletching |
| 13:28 | Crear | Villager (Male) |
| 13:31 | Construir | Archery Range |
| 13:33 | Crear | Archer |
| 13:36 | Investigar | Double-Bit Axe |
| 13:58 | Crear | Skirmisher |
| 14:05 | Crear | Villager (Male) |
| 14:09 | Construir | House |
| 14:10 | Construir | House |
| 14:16 | Crear | Villager (Male) |
| 14:23 | Construir | Lumber Camp |
| 14:31 | Crear | Skirmisher |
| 14:34 | Construir | House |
| 14:48 | Construir | House |
| 15:27 | Crear | Archer |
| 15:28 | Crear | Archer |
| 15:28 | Crear | Archer |
| 15:28 | Crear | Archer |
| 16:00 | Construir | Farm |
| 16:01 | Construir | Farm |
| 16:02 | Construir | Farm |
| 16:09 | Construir | Watch Tower |
| 17:12 | Construir | Mining Camp |
| 17:38 | Construir | House |
| 17:45 | Crear | Villager (Male) |
| 17:56 | Crear | Archer |
| 17:56 | Crear | Archer |
| 18:00 | Construir | House |
| 18:59 | Crear | Villager (Male) |
| 18:59 | Crear | Villager (Male) |
| 19:03 | Crear | Archer |
| 19:04 | Crear | Archer |
| 19:04 | Crear | Archer |
| 19:04 | Crear | Archer |
| 19:04 | Crear | Archer |
| 19:22 | Construir | Farm |
| 19:24 | Construir | Farm |
| 19:27 | Crear | Villager (Male) |
| 19:27 | Crear | Villager (Male) |
| 19:32 | Construir | Watch Tower |
| 20:00 | Construir | Farm |
| 20:33 | Crear | Villager (Male) |
| 20:33 | Crear | Villager (Male) |
| 20:39 | Crear | Archer |
| 20:39 | Crear | Archer |
| 20:39 | Crear | Archer |
| 20:40 | Crear | Archer |
| 20:55 | Construir | Archery Range |
| 21:03 | Crear | Archer |
| 21:04 | Crear | Villager (Male) |
| 21:07 | Construir | Farm |
| 21:09 | Construir | Farm |
| 21:10 | Construir | Farm |
| 22:17 | Crear | Archer |
| 22:17 | Crear | Archer |
| 22:17 | Crear | Archer |
| 22:17 | Crear | Archer |
| 22:21 | Construir | House |
| 22:21 | Construir | House |
| 22:51 | Crear | Villager (Male) |
| 22:51 | Crear | Villager (Male) |
| 22:51 | Crear | Villager (Male) |
| 22:55 | Crear | Archer |
| 22:55 | Crear | Archer |
| 23:00 | Crear | Villager (Male) |
| 23:00 | Crear | Villager (Male) |
| 23:07 | Construir | Farm |
| 23:08 | Construir | Farm |
| 23:09 | Construir | Farm |
| 23:10 | Construir | Farm |
| 23:12 | Construir | Farm |
| 23:34 | Construir | Farm |
| 23:38 | Crear | Archer |
| 23:38 | Crear | Archer |
| 23:38 | Crear | Archer |
| 23:38 | Crear | Archer |
| 23:40 | Crear | Villager (Male) |
| 23:40 | Crear | Villager (Male) |
| 24:17 | Crear | Villager (Male) |
| 24:17 | Crear | Villager (Male) |
| 24:22 | Construir | Farm |
| 24:23 | Construir | Farm |
| 24:24 | Construir | Farm |
| 24:39 | Construir | Watch Tower |
| 24:48 | Crear | Villager (Male) |
| 25:21 | Construir | Watch Tower |
| 25:24 | Crear | Villager (Male) |
| 25:26 | Crear | Villager (Male) |
| 25:32 | Construir | Farm |
| 25:34 | Construir | Farm |
| 25:37 | Crear | Archer |
| 25:37 | Crear | Archer |
| 25:38 | Crear | Archer |
| 25:38 | Crear | Archer |
| 25:38 | Crear | Archer |
Build order — GaCon01
Primeras 150 de 577 acciones detectadas
| 0:01 | Crear | Villager (Male) |
| 0:01 | Crear | Villager (Male) |
| 0:01 | Crear | Villager (Male) |
| 0:04 | Construir | House |
| 0:05 | Construir | House |
| 0:12 | Crear | Villager (Male) |
| 0:12 | Crear | Villager (Male) |
| 1:32 | Crear | Villager (Male) |
| 1:59 | Crear | Villager (Male) |
| 1:59 | Crear | Villager (Male) |
| 2:20 | Crear | Villager (Male) |
| 2:42 | Construir | Lumber Camp |
| 2:43 | Crear | Villager (Male) |
| 3:09 | Crear | Villager (Male) |
| 3:25 | Construir | House |
| 3:43 | Crear | Villager (Male) |
| 3:48 | Crear | Villager (Male) |
| 3:48 | Crear | Villager (Male) |
| 4:20 | Crear | Villager (Male) |
| 5:06 | Construir | Mill |
| 5:11 | Crear | Villager (Male) |
| 5:11 | Crear | Villager (Male) |
| 5:46 | Investigar | Loom |
| 6:23 | Investigar | Feudal Age |
| 6:46 | Construir | House |
| 7:04 | Crear | Villager (Male) |
| 7:20 | Construir | Barracks |
| 7:24 | Construir | House |
| 7:27 | Crear | Villager (Male) |
| 7:28 | Crear | Villager (Male) |
| 8:13 | Crear | Villager (Male) |
| 8:21 | Crear | Villager (Male) |
| 8:33 | Crear | Villager (Male) |
| 8:33 | Edad | Edad Feudal |
| 8:36 | Construir | Stable |
| 8:50 | Crear | Villager (Male) |
| 8:54 | Investigar | Double-Bit Axe |
| 8:59 | Construir | Farm |
| 9:00 | Construir | Farm |
| 9:02 | Construir | House |
| 9:08 | Crear | Villager (Male) |
| 9:10 | Construir | Palisade Wall |
| 9:26 | Crear | Villager (Male) |
| 9:31 | Crear | Scout Cavalry |
| 9:36 | Construir | Farm |
| 9:48 | Construir | Palisade Wall |
| 9:55 | Construir | Palisade Gate |
| 9:58 | Construir | Palisade Wall |
| 9:59 | Construir | Palisade Wall |
| 10:05 | Crear | Villager (Male) |
| 10:11 | Crear | Villager (Male) |
| 10:20 | Crear | Villager (Male) |
| 10:27 | Crear | Scout Cavalry |
| 10:51 | Crear | Villager (Male) |
| 10:54 | Construir | Farm |
| 11:00 | Construir | Blacksmith |
| 11:03 | Construir | Palisade Wall |
| 11:12 | Construir | Palisade Wall |
| 11:15 | Crear | Scout Cavalry |
| 11:29 | Crear | Villager (Male) |
| 11:33 | Construir | Farm |
| 11:55 | Crear | Villager (Male) |
| 11:59 | Construir | House |
| 12:00 | Construir | Palisade Wall |
| 12:04 | Construir | Mining Camp |
| 12:09 | Crear | Villager (Male) |
| 12:13 | Construir | Palisade Wall |
| 12:20 | Crear | Scout Cavalry |
| 12:24 | Crear | Villager (Male) |
| 12:24 | Crear | Villager (Male) |
| 12:26 | Construir | Farm |
| 12:36 | Crear | Villager (Male) |
| 12:40 | Crear | Villager (Male) |
| 12:44 | Construir | Farm |
| 12:44 | Construir | Farm |
| 13:04 | Crear | Villager (Male) |
| 13:21 | Crear | Scout Cavalry |
| 13:30 | Construir | Palisade Wall |
| 13:35 | Construir | Palisade Wall |
| 13:36 | Crear | Villager (Male) |
| 13:46 | Construir | Farm |
| 13:56 | Crear | Scout Cavalry |
| 14:08 | Construir | Market |
| 14:11 | Construir | House |
| 14:19 | Crear | Villager (Male) |
| 14:22 | Construir | Farm |
| 14:30 | Crear | Villager (Male) |
| 14:41 | Construir | Palisade Wall |
| 14:50 | Crear | Villager (Male) |
| 14:54 | Construir | Palisade Wall |
| 14:55 | Crear | Villager (Male) |
| 14:58 | Construir | Farm |
| 15:08 | Construir | Palisade Wall |
| 15:16 | Crear | Villager (Male) |
| 15:20 | Construir | Farm |
| 15:31 | Investigar | Scale Barding Armor |
| 15:31 | Investigar | Scale Barding Armor |
| 15:52 | Crear | Scout Cavalry |
| 15:54 | Crear | Villager (Male) |
| 15:57 | Construir | Farm |
| 16:03 | Crear | Villager (Male) |
| 16:21 | Crear | Villager (Male) |
| 16:23 | Construir | Palisade Wall |
| 16:32 | Crear | Scout Cavalry |
| 16:36 | Crear | Villager (Male) |
| 16:52 | Crear | Villager (Male) |
| 17:05 | Crear | Villager (Male) |
| 17:09 | Construir | House |
| 17:12 | Crear | Scout Cavalry |
| 17:20 | Construir | Stable |
| 17:23 | Crear | Villager (Male) |
| 17:32 | Crear | Villager (Male) |
| 17:35 | Crear | Villager (Male) |
| 17:40 | Crear | Villager (Male) |
| 17:47 | Construir | Farm |
| 17:50 | Construir | Farm |
| 18:06 | Construir | Lumber Camp |
| 18:11 | Construir | Watch Tower |
| 18:28 | Crear | Scout Cavalry |
| 18:28 | Crear | Scout Cavalry |
| 18:31 | Crear | Villager (Male) |
| 18:33 | Construir | House |
| 18:59 | Crear | Villager (Male) |
| 19:04 | Crear | Villager (Male) |
| 19:06 | Construir | Farm |
| 19:06 | Construir | Farm |
| 19:08 | Crear | Villager (Male) |
| 19:15 | Investigar | Forging |
| 19:19 | Crear | Villager (Male) |
| 19:25 | Construir | Palisade Gate |
| 19:31 | Crear | Villager (Male) |
| 19:34 | Construir | House |
| 19:35 | Construir | House |
| 19:36 | Crear | Villager (Male) |
| 19:51 | Investigar | Bloodlines |
| 19:52 | Crear | Villager (Male) |
| 20:19 | Crear | Villager (Male) |
| 20:37 | Crear | Villager (Male) |
| 20:40 | Construir | House |
| 20:41 | Crear | Villager (Male) |
| 20:57 | Construir | Palisade Gate |
| 21:01 | Construir | Farm |
| 21:13 | Construir | Palisade Gate |
| 21:15 | Construir | Palisade Wall |
| 21:16 | Construir | Palisade Wall |
| 21:33 | Construir | Farm |
| 22:00 | Investigar | Castle Age |
| 22:31 | Construir | Stable |
| 22:39 | Construir | Palisade Gate |
| 22:41 | Construir | House |
Cronología de la partida
| 5:26 | HUYPEO · first_building Barracks |
| 7:13 | tychodalat · wall_segment Palisade Wall x1 |
| 7:15 | tychodalat · wall_segment Palisade Wall x1 |
| 7:20 | GaCon01 · first_building Barracks |
| 7:48 | tychodalat · first_building Barracks |
| 7:54 | Gà Con Biết Gáy · first_building Barracks |
| 8:00 | Toan Perfect · first_building Barracks |
| 8:06 | MAND_TITAN · first_building Barracks |
| 8:21 | khotin2410 · first_building Barracks |
| 8:24 | HUYPEO · wall_segment Palisade Wall x1 |
| 8:33 | GaCon01 · age_up feudal |
| 8:36 | GaCon01 · first_building Stable |
| 8:51 | Dâm Nữ xin chờ lệnh · first_building Barracks |
| 8:52 | Toan Perfect · age_up feudal |
| 8:58 | Toan Perfect · first_building Stable |
| 9:01 | Gà Con Biết Gáy · wall_segment Palisade Wall x1 |
| 9:04 | MAND_TITAN · age_up feudal |
| 9:05 | tychodalat · age_up feudal |
| 9:07 | tychodalat · first_building Archery Range |
| 9:08 | MAND_TITAN · first_building Archery Range |
| 9:10 | GaCon01 · wall_segment Palisade Wall x1 |
| 9:16 | Gà Con Biết Gáy · age_up feudal |
| 9:17 | HUYPEO · age_up feudal |
| 9:21 | khotin2410 · age_up feudal |
| 9:24 | Gà Con Biết Gáy · first_building Stable |
| 9:28 | HUYPEO · first_building Archery Range |
| 9:40 | khotin2410 · first_building Archery Range |
| 9:43 | MAND_TITAN · wall_segment Palisade Wall x1 |
| 9:44 | tychodalat · wall_segment Palisade Wall x8 |
| 9:45 | MAND_TITAN · wall_segment Palisade Wall x1 |
| 9:47 | Toan Perfect · wall_segment Palisade Wall x13 |
| 9:48 | GaCon01 · wall_segment Palisade Wall x11 |
| 9:51 | MAND_TITAN · wall_segment Palisade Wall x1 |
| 9:53 | Dâm Nữ xin chờ lệnh · age_up feudal |
| 9:58 | Dâm Nữ xin chờ lệnh · first_building Stable |
| 9:58 | GaCon01 · wall_segment Palisade Wall x3 |
| 9:59 | GaCon01 · wall_segment Palisade Wall x1 |
| 10:41 | Toan Perfect · wall_segment Palisade Wall x1 |
| 10:49 | Dâm Nữ xin chờ lệnh · wall_segment Palisade Wall x1 |
| 10:58 | tychodalat · wall_segment Palisade Wall x7 |
| 11:03 | GaCon01 · wall_segment Palisade Wall x5 |
| 11:12 | GaCon01 · wall_segment Palisade Wall x3 |
| 11:16 | tychodalat · wall_segment Palisade Wall x3 |
| 11:16 | tychodalat · wall_segment Palisade Wall x1 |
| 11:19 | tychodalat · wall_segment Palisade Wall x7 |
| 11:36 | Gà Con Biết Gáy · wall_segment Palisade Wall x1 |
| 11:52 | Toan Perfect · wall_segment Palisade Wall x1 |
| 12:00 | GaCon01 · wall_segment Palisade Wall x3 |
| 12:06 | Gà Con Biết Gáy · wall_segment Palisade Wall x11 |
| 12:07 | Gà Con Biết Gáy · wall_segment Palisade Wall x1 |
| 12:11 | tychodalat · wall_segment Palisade Wall x2 |
| 12:13 | GaCon01 · wall_segment Palisade Wall x7 |
| 12:19 | HUYPEO · wall_segment Palisade Wall x9 |
| 12:53 | Gà Con Biết Gáy · wall_segment Palisade Wall x15 |
| 13:17 | Toan Perfect · wall_segment Palisade Wall x1 |
| 13:30 | GaCon01 · wall_segment Palisade Wall x13 |
| 13:35 | GaCon01 · wall_segment Palisade Wall x10 |
| 13:52 | MAND_TITAN · wall_segment Palisade Wall x4 |
| 13:53 | MAND_TITAN · wall_segment Palisade Wall x1 |
| 14:12 | HUYPEO · wall_segment Palisade Wall x6 |
| 14:13 | HUYPEO · wall_segment Palisade Wall x5 |
| 14:33 | Dâm Nữ xin chờ lệnh · wall_segment Palisade Wall x3 |
| 14:41 | GaCon01 · wall_segment Palisade Wall x1 |
| 14:41 | HUYPEO · wall_segment Palisade Wall x1 |
| 14:54 | GaCon01 · wall_segment Palisade Wall x10 |
| 15:06 | Toan Perfect · wall_segment Palisade Wall x10 |
| 15:07 | Toan Perfect · wall_segment Palisade Wall x7 |
| 15:08 | GaCon01 · wall_segment Palisade Wall x7 |
| 15:14 | Dâm Nữ xin chờ lệnh · wall_segment Palisade Wall x8 |
| 15:40 | HUYPEO · wall_segment Palisade Wall x1 |
| 15:43 | MAND_TITAN · wall_segment Palisade Wall x1 |
| 15:45 | MAND_TITAN · wall_segment Palisade Wall x1 |
| 15:59 | Toan Perfect · wall_segment Palisade Wall x8 |
| 16:15 | MAND_TITAN · wall_segment Palisade Wall x1 |
| 16:23 | GaCon01 · wall_segment Palisade Wall x4 |
| 16:54 | HUYPEO · wall_segment Palisade Wall x8 |
| 17:11 | Toan Perfect · wall_segment Palisade Wall x1 |
| 17:14 | MAND_TITAN · wall_segment Palisade Wall x3 |
| 17:19 | Dâm Nữ xin chờ lệnh · wall_segment Palisade Wall x13 |
| 17:20 | Dâm Nữ xin chờ lệnh · wall_segment Palisade Wall x5 |
| 17:37 | Toan Perfect · wall_segment Palisade Wall x5 |
| 18:22 | HUYPEO · wall_segment Palisade Wall x3 |
| 19:14 | GaCon01 · first_market_buy 100 food |
| 20:26 | Dâm Nữ xin chờ lệnh · age_up castle |
| 21:15 | GaCon01 · wall_segment Palisade Wall x1 |
| 21:16 | GaCon01 · wall_segment Palisade Wall x1 |
| 21:37 | GaCon01 · first_market_sell 500 wood |
| 22:16 | Toan Perfect · wall_segment Palisade Wall x1 |
| 22:55 | Gà Con Biết Gáy · wall_segment Palisade Wall x1 |
| 23:16 | Toan Perfect · age_up castle |
| 23:24 | Gà Con Biết Gáy · age_up castle |
| 23:43 | Toan Perfect · wall_segment Palisade Wall x1 |
| 23:45 | Toan Perfect · wall_segment Palisade Wall x1 |
| 23:48 | Toan Perfect · wall_segment Palisade Wall x1 |
| 24:14 | tychodalat · age_up castle |
| 24:24 | MAND_TITAN · wall_segment Palisade Wall x1 |
| 24:40 | GaCon01 · age_up castle |
| 24:40 | HUYPEO · age_up castle |
| 24:49 | Gà Con Biết Gáy · wall_segment Palisade Wall x1 |
| 25:09 | MAND_TITAN · age_up castle |
| 26:32 | Toan Perfect · first_building Monastery |
| 27:28 | MAND_TITAN · first_market_buy 100 wood |
| 27:35 | tychodalat · first_market_buy 100 wood |
| 27:40 | HUYPEO · first_building Stable |
| 28:10 | MAND_TITAN · wall_segment Palisade Wall x1 |
| 28:23 | khotin2410 · age_up castle |
| 29:16 | Toan Perfect · first_market_sell 100 wood |
| 29:49 | tychodalat · first_building Siege Workshop |
| 30:13 | MAND_TITAN · first_building Stable |
| 31:28 | GaCon01 · first_building Siege Workshop |
| 31:46 | Toan Perfect · first_market_buy 100 food |
| 32:43 | Dâm Nữ xin chờ lệnh · first_market_buy 100 stone |
| 33:24 | GaCon01 · first_building Castle |
| 34:19 | khotin2410 · first_building Siege Workshop |
| 34:31 | Dâm Nữ xin chờ lệnh · first_building Monastery |
| 34:33 | HUYPEO · first_building Castle |
| 34:56 | tychodalat · first_building Monastery |
| 34:57 | Toan Perfect · first_building Castle |
| 35:18 | khotin2410 · first_building Castle |
| 36:21 | tychodalat · first_building Castle |
| 38:15 | GaCon01 · first_building Monastery |
| 38:38 | khotin2410 · first_market_sell 100 wood |
| 38:54 | tychodalat · age_up imperial |
| 40:10 | khotin2410 · first_market_buy 100 stone |
| 40:19 | MAND_TITAN · first_building Castle |
| 40:20 | Gà Con Biết Gáy · first_building Castle |
| 40:37 | khotin2410 · age_up imperial |
| 40:51 | GaCon01 · age_up imperial |
| 41:05 | tychodalat · first_building Stable |
| 42:41 | GaCon01 · wall_segment Stone Wall x6 |
| 42:45 | Dâm Nữ xin chờ lệnh · age_up imperial |
| 43:30 | MAND_TITAN · first_market_sell 100 wood |
| 43:45 | Toan Perfect · age_up imperial |
| 44:06 | Gà Con Biết Gáy · first_market_sell 100 food |
| 44:07 | Gà Con Biết Gáy · first_market_buy 100 wood |
| 44:41 | Gà Con Biết Gáy · age_up imperial |
| 44:51 | khotin2410 · first_building Monastery |
| 45:29 | Dâm Nữ xin chờ lệnh · first_building Castle |
| 45:58 | HUYPEO · first_market_sell 100 food |
| 47:06 | MAND_TITAN · age_up imperial |
| 48:18 | HUYPEO · first_market_buy 100 wood |
| 48:26 | HUYPEO · age_up imperial |
| 49:02 | HUYPEO · first_building Siege Workshop |
| 49:40 | khotin2410 · first_building Dock |
| 51:06 | GaCon01 · first_building Archery Range |
| 53:08 | MAND_TITAN · resign |
[ ANÁLISIS IA · 1 CRÉDITO ]
¿Qué pasó realmente en esta partida?
Wolo.gg analiza cada decisión: build order, eco, micro, errores típicos por bracket. Análisis personalizado por WhatsApp o Discord en 30 segundos.
Guía civ
Españoles
Perfil
Jugador #1777518